 Dungeon Crawl Stone Soup version 0.18-a0-1805-g8ab820f (webtiles) character file.

20996 eljoo the Thaumaturge (level 13, -16/98 HPs)
             Began as a Formicid Earth Elementalist on Apr 25, 2016.
             Was a Believer of Ashenzari.
             Demolished by a large abomination (35 damage)
             ... on level 2 of the Abyss on Apr 26, 2016.
             The game lasted 03:15:31 (27137 turns).

eljoo the Thaumaturge (FoEE)                       Turns: 27137, Time: 03:15:31

Health: -16/98     AC:  8    Str: 15    XL:     13   Next: 16%
Magic:  2/27       EV: 13    Int: 25    God:    Ashenzari [**....]
Gold:   875        SH:  0    Dex: 12    Spells: 9 memorised, 2 levels left

rFire  + . .     SeeInvis +     b - 66 stones
rCold  . . .     Gourm    .     G - +2 robe {rF+} (curse)
rNeg   . . .     Faith    .     (no shield)
rPois  .         Spirit   .     (helmet unavailable)
rElec  .         Dismiss  +     x - +0 cloak
rCorr  .         Reflect  .     Q - +0 pair of gloves (curse)
SustAt .         Harm     .     N - +1 pair of boots (curse)
MR     +....                    f - amulet of dismissal (curse)
Stlth  ++++......               J - +5 ring of intelligence (curse)
                                s - +3 ring of intelligence (curse)

@: somewhat resistant to hostile enchantments, stealthy
A: permanent stasis, dig shafts and tunnels, four strong arms, antennae 3
a: Dig, Shaft Self, Curse Item, Scrying, Renounce Religion


You were on level 2 of the Abyss.
You worshipped Ashenzari.
Ashenzari was pleased with you.
You were hungry.

You visited 4 branches of the dungeon, and saw 15 of its levels.
You visited the Abyss 1 time.
You also visited: Ossuary.

You collected 875 gold pieces.

Inventory:

Hand Weapons
 a - the +4 war axe "Bishoj" {chop, rPois Dex+3}
   (You took it off a centaur on level 9 of the Dungeon)

   It inflicts extra damage upon your enemies.
   It affects your dexterity (+3).
   It protects you from poison.
 h - a +0 whip of venom
 r - a +1 short sword of holy wrath
 y - a +2 dagger of flaming
 X - a +4 quarterstaff of chaos
Missiles
 b - 66 stones (in hand)
Armour
 k - a steam dragon hide
 x - a +0 cloak (worn)
 G - a cursed +2 robe of fire resistance (worn)
 N - a cursed +1 pair of boots (worn)
 Q - a cursed +0 pair of gloves (worn)
Jewellery
 f - a cursed amulet of dismissal (around neck)
 s - a cursed +3 ring of intelligence (left hand)
 C - an uncursed ring of fire
 J - a cursed +5 ring of intelligence (right hand)
Wands
 n - a wand of lightning (2/15)
 q - a wand of iceblast (7/15)
 t - a wand of acid (2/15)
 v - a wand of slowing (44/48)
 I - a wand of digging (12/24)
 M - a wand of flame (33/48)
Scrolls
 e - 2 scrolls of remove curse
 g - 2 scrolls of magic mapping
 i - 10 scrolls of identify
 m - 6 scrolls of noise
 p - 6 scrolls of recharging
 w - a scroll of amnesia
 E - a scroll of immolation
 F - 3 scrolls of enchant armour
 L - a scroll of brand weapon
 R - a scroll of enchant weapon
Potions
 o - 2 potions of flight
 H - a potion of agility
 K - a potion of magic
 Y - a potion of might
Books
 c - a book of Geomancy

   Spells                             Type                      Level
   a - Sandblast                      Earth                        1
   b - Passwall                       Transmutation/Earth          2
   c - Stone Arrow                    Conjuration/Earth            3
   d - Petrify                        Transmutation/Earth          4
   e - Lee's Rapid Deconstruction     Earth                        5
 D - a book of Flames

   Spells                             Type                      Level
   a - Flame Tongue                   Conjuration/Fire             1
   b - Throw Flame                    Conjuration/Fire             2
   c - Conjure Flame                  Conjuration/Fire             3
   d - Inner Flame                    Hexes/Fire                   3
   e - Sticky Flame                   Conjuration/Fire             4
   f - Fireball                       Conjuration/Fire             5
 T - a book of Debilitation

   Spells                             Type                      Level
   a - Corona                         Hexes                        1
   b - Slow                           Hexes                        2
   c - Gell's Gravitas                Hexes/Translocation          3
   d - Inner Flame                    Hexes/Fire                   3
   e - Cause Fear                     Hexes                        4
   f - Leda's Liquefaction            Hexes/Earth                  4
 Z - a Grand Grimoire

   Spells                             Type                      Level
   a - Monstrous Menagerie            Summoning                    7
   b - Summon Greater Demon           Summoning                    7
   c - Malign Gateway                 Summoning/Translocation      7
   d - Summon Horrible Things         Summoning                    8
Comestibles
 d - 6 bread rations
 l - 5 meat rations
 B - a slice of pizza
 P - 5 beef jerkies
 V - 5 fruits
 W - 9 royal jellies


   Skills:
 - Level 8.0 Fighting
 - Level 0.8 Short Blades
 * Level 6.5 Axes
 - Level 0.8(5.9) Maces & Flails
 - Level 6.4(6.5) Staves
 - Level 1.7(2.8) Dodging
 + Level 9.3(10.7) Stealth
 + Level 10.6 Spellcasting
 - Level 6.5(8.9) Conjurations
 + Level 1.9(3.6) Hexes
 - Level 1.1(2.5) Transmutations
 + Level 6.5(8.9) Fire Magic
 - Level 9.0(11.2) Earth Magic


You had 2 spell levels left.
You knew the following spells:

 Your Spells              Type           Power        Failure   Level  Hunger
a - Sandblast             Erth           ######       1%          1    None
b - Petrify               Trmt/Erth      #####...     2%          4    None
c - Conjure Flame         Conj/Fire      ######..     1%          3    None
d - Lee's Rapid Deconstr  Erth           ######....   1%          5    ####...
e - Throw Flame           Conj/Fire      ######       1%          2    None
f - Sticky Flame          Conj/Fire      ######..     1%          4    None
g - Fireball              Conj/Fire      ######....   3%          5    ####...
h - Gell's Gravitas       Hex/Tloc       ###.......   8%          3    None
i - Cause Fear            Hex            ####......   12%         4    None


Dungeon Overview and Level Annotations

Branches:
Dungeon (12/15)            Temple (1/1) D:6            Lair (1/8) D:10
    Orc (1/2) D:11

Altars:
Ashenzari
Cheibriados
Dithmenos
Elyvilon
Fedhas
Gozag
Kikubaaqudgha
Makhleb
Nemelex Xobeh
Okawaru
Pakellas
Qazlal
Ru
Sif Muna
Trog
Vehumet
Xom
Yredelemnul
Zin
The Shining One
Beogh

Shops:
D:8 [   D:9 *   Orc:1 ?%}*

Annotations:
D:12 Nessos
Orc:1 Maud


Innate Abilities, Weirdness & Mutations

You are under a permanent stasis effect.
You can dig through walls and to a lower floor.
Your four strong arms can wield two-handed weapons with a shield.
You have a pair of large antennae on your head (SInv).


Message History

The rocky blast hits the shadow.
You destroy the shadow!
A salamander stormcaller comes into view.
It is wielding a trident.
The large abomination closely misses you.
Casting: Sandblast
Confirm with . or Enter, or press ? or * to list all spells.
Aiming: Sandblast
Press: ? - help, Shift-Dir - straight line, f - large abomination
Aim: a large abomination The rocky blast hits the large abomination.
The large abomination is lightly damaged.
Casting: Sandblast
Confirm with . or Enter, or press ? or * to list all spells.
Aiming: Sandblast
Press: ? - help, Shift-Dir - straight line, f/p - large abomination
Aim: a large abomination (lightly damaged)
The rocky blast hits the large abomination.
The large abomination is moderately damaged.
The large abomination hits you!!
You die...

, .., , , , *
. * * , . ,**
** , #. { # ,
, , , #.###.
* * , # . .#
## * , **#..
.#, .# , ,
***###X###.#*
* * *#,#.@#.
.# ** ,
,,#.N#### .
,** #.#..
..#.# ,, * ,
*#*#. #.. .#
,, * *
#.*#.##### {
,*..#.*.+ ,
,, , #####.##
*,{ , ,, *
###.#..#, * *
, # .# # . *
**


You could see a salamander stormcaller and a large abomination.

Vanquished Creatures
  An unseen horror (D:11)
  2 hill giants
  An orc knight (D:11)
  Pikel (D:4)
  A manticore (D:11)
  An orc sorcerer (Orc:1)
  2 cyclopes (D:11)
  Joseph (D:7)
  A centaur skeleton (D:11)
  A komodo dragon (D:11)
  3 trolls
  A large abomination (Abyss:2)
  4 two-headed ogres
  Sigmund (D:2)
  2 wyverns (D:9)
  A shadow (Abyss:2)
  6 yaks
  A vampire (D:11)
  A wraith (D:9)
  2 hippogriffs
  2 humans (D:7)
  A steam dragon (D:11)
  2 soldier ants (D:8)
  3 water moccasins
  2 porcupines (Lair:1)
  Duvessa (D:4)
  7 ice beasts
  8 sky beasts
  A black bear (Temple)
  A phantom (D:7)
  A wasp (D:11)
  An eye of draining (D:3)
  28 orc warriors
  A wolf (D:10)
  15 ogres
  4 centaurs
  An elf zombie (Ossuary)
  14 giant frogs
  A gnoll sergeant (Orc:1)
  A wyvern zombie (D:9)
  A water moccasin zombie (D:8)
  3 scorpions
  A wyvern skeleton (D:6)
  Dowan (D:4)
  10 killer bees (D:9)
  4 wights
  2 howler monkeys
  4 crimson imps
  A quasit (D:11)
  A two-headed ogre zombie (Orc:1)
  6 centaur zombies
  A human zombie (Ossuary)
  A giant frog zombie (D:9)
  8 hounds
  25 orc priests
  Crazy Yiuf (D:2)
  2 jellies
  23 orc wizards
  2 giant frog skeletons
  Ijyb (D:2)
  Natasha (thrice) (D:3 D:2)
  Terence (D:1)
  4 iguanas
  6 worker ants
  An ogre zombie (Orc:1)
  4 sheep (Lair:1)
  A big kobold zombie (Ossuary)
  2 hound skeletons
  7 mummies (Ossuary)
  2 worker ant zombies
  Robin (D:4)
  10 gnolls
  A howler monkey skeleton (D:9)
  11 adders
  3 shadow imps
  5 adder zombies (Ossuary)
  2 oozes
  An adder skeleton (D:4)
  5 worms
  6 dart slugs (D:3)
  3 giant geckos
  97 orcs
  6 giant cockroaches
  14 goblins
  13 hobgoblins
  10 jackals
  12 kobolds
  5 quokkas
  8 bats
  2 giant gecko skeletons
  6 giant newts
  7 goblin zombies (Ossuary)
  2 hobgoblin zombies (Ossuary)
  4 kobold zombies (Ossuary)
  2 quokka zombies
  15 rats
  4 rat zombies (Ossuary)
513 creatures vanquished.

Vanquished Creatures (others)
  A hippogriff (D:2)
  A centaur (D:6)
  An orc wizard (D:6)
  An orc priest (D:6)
  3 orcs (D:6)
  A fungus (D:2)
  A plant (Lair:1)
9 creatures vanquished.

Grand Total: 522 creatures vanquished

Notes
Turn   | Place    | Note
--------------------------------------------------------------
     0 | D:1      | eljoo the Formicid Earth Elementalist began the quest for the Orb.
     0 | D:1      | Reached XP level 1. HP: 13/13 MP: 3/3
   401 | D:1      | Reached XP level 2. HP: 19/19 MP: 3/5
  1088 | D:2      | Reached XP level 3. HP: 24/24 MP: 2/6
  1446 | D:2      | Noticed Terence
  2376 | D:2      | Reached XP level 4. HP: 30/30 MP: 5/8
  2601 | D:2      | Noticed Sigmund
  2643 | D:2      | Killed Sigmund
  2643 | D:2      | Reached skill level 5 in Stealth
  2643 | D:2      | Reached skill level 3 in Spellcasting
  2643 | D:2      | Reached skill level 5 in Earth Magic
  2643 | D:2      | Reached XP level 5. HP: 22/35 MP: 4/10
  2643 | D:2      | Reached XP level 6. HP: 26/41 MP: 4/11
  2963 | D:1      | Killed Terence
  3173 | D:2      | Noticed Ijyb
  3496 | D:2      | Learned a level 4 spell: Petrify
  3548 | D:3      | Noticed Natasha
  3557 | D:3      | Killed Natasha
  3743 | D:2      | Noticed Crazy Yiuf
  3959 | D:3      | Noticed Natasha
  4003 | D:2      | Killed Natasha
  4003 | D:2      | Reached XP level 7. HP: 37/47 MP: 5/12
  4109 | D:2      | Killed Crazy Yiuf
  4334 | D:2      | Found an oddly glowing altar of Pakellas.
  4334 | D:2      | Noticed an orange crystal statue
  4335 | D:2      | Noticed a hippogriff
  4355 | D:2      | Killed a hippogriff
  4359 | D:2      | Noticed Natasha
  4377 | D:2      | Killed Natasha
  4377 | D:2      | Reached skill level 4 in Spellcasting
  4673 | D:2      | Killed Ijyb
  4673 | D:2      | Reached skill level 1 in Fighting
  5107 | D:3      | Found a bloodstained altar of Trog.
  5153 | D:3      | Reached skill level 1 in Staves
  5695 | D:4      | Noticed Robin
  5920 | D:4      | Reached XP level 8. HP: 50/56 MP: 12/14
  6125 | D:4      | Killed Robin
  6247 | D:4      | Found a sacrificial altar of Ru.
  6410 | D:4      | Found a white marble altar of Elyvilon.
  6420 | D:4      | Found a radiant altar of Vehumet.
  6440 | D:4      | Noticed Pikel
  6468 | D:4      | Noticed Duvessa
  6472 | D:4      | Noticed Dowan
  6491 | D:4      | Killed Dowan
  6537 | D:4      | Killed Duvessa
  6792 | D:4      | Killed Pikel
  6792 | D:4      | Reached skill level 5 in Spellcasting
  7122 | D:4      | Reached XP level 9. HP: 65/65 MP: 13/16
  7217 | D:5      | Entered Level 5 of the Dungeon
  7795 | D:5      | Found a sand-covered staircase.
  7829 | Ossuary  | Entered an ossuary
  8062 | Ossuary  | Learned a level 5 spell: Lee's Rapid Deconstruction
  8066 | Ossuary  | Learned a level 3 spell: Conjure Flame
  8583 | Ossuary  | Reached skill level 1 in Fire Magic
  8860 | D:5      | Reached skill level 1 in Conjurations
  8881 | D:5      | Reached skill level 6 in Spellcasting
  9610 | D:5      | Reached skill level 5 in Fighting
  9670 | D:6      | Found a shimmering altar of Xom.
  9793 | D:6      | Found a staircase to the Ecumenical Temple.
  9802 | Temple   | Entered the Ecumenical Temple
  9895 | Temple   | Became a worshipper of Ashenzari the Shackled
  9960 | Temple   | Learned a level 2 spell: Throw Flame
 10530 | D:7      | Found a snail-covered altar of Cheibriados.
 10566 | D:7      | Reached XP level 10. HP: 65/74 MP: 19/19
 10583 | D:7      | Noticed Joseph
 10741 | D:7      | Found an iron altar of Okawaru.
 11019 | D:7      | Killed Joseph
 11019 | D:7      | Reached skill level 5 in Staves
 11348 | D:7      | Reached skill level 7 in Spellcasting
 11472 | D:8      | Found Bota's Armour Boutique.
 11643 | D:8      | Reached * piety under Ashenzari
 12812 | D:9      | Found Racaitto's General Store.
 13084 | D:9      | Reached XP level 11. HP: 80/83 MP: 11/22
 13509 | D:9      | Reached skill level 5 in Fire Magic
 13700 | D:9      | Got the war axe "Bishoj" {chop, rPois Dex+3}
 13701 | D:9      | Identified the +4 war axe "Bishoj" {chop, rPois Dex+3} (You took it off a centaur on level 9 of the Dungeon)
 14306 | D:9      | Reached skill level 8 in Spellcasting
 14403 | D:9      | Reached skill level 1 in Axes
 15250 | D:9      | Learned a level 4 spell: Sticky Flame
 15251 | D:10     | Entered Level 10 of the Dungeon
 15544 | D:10     | Reached ** piety under Ashenzari
 15858 | D:9      | Reached skill level 5 in Conjurations
 16098 | D:9      | Learned a level 5 spell: Fireball
 16504 | D:10     | Found a staircase to the Lair.
 17647 | D:11     | Found a deep blue altar of Sif Muna.
 17663 | D:11     | Noticed an unseen horror
 17667 | D:11     | Killed an unseen horror
 18066 | D:11     | Reached XP level 12. HP: 92/92 MP: 4/24
 18455 | D:11     | Reached skill level 9 in Spellcasting
 19842 | D:11     | Found a roughly hewn altar of Beogh.
 19842 | D:11     | Found a staircase to the Orcish Mines.
 20559 | D:11     | Identified Sif Muna's Papyrus of the Tomato
 20567 | D:12     | Noticed Nessos
 20843 | Orc:1    | Entered Level 1 of the Orcish Mines
 20843 | Orc:1    | Found Xizijiapn's Food Shoppe.
 20843 | Orc:1    | Found a radiant altar of Vehumet.
 20853 | Orc:1    | Reached skill level 10 in Spellcasting
 21362 | D:10     | Learned a level 3 spell: Gell's Gravitas
 21368 | Lair:1   | Entered Level 1 of the Lair of Beasts
 22201 | Orc:1    | Found Cacom's General Store.
 22204 | Orc:1    | Found Aciuveh's Gadget Boutique.
 22206 | Orc:1    | Reached *** piety under Ashenzari
 22808 | Orc:1    | Found Eweawym's Magic Scroll Emporium.
 23029 | Orc:1    | Noticed an orc warlord
 23030 | Orc:1    | Reached skill level 5 in Axes
 23432 | Orc:1    | Learned a level 4 spell: Cause Fear
 23926 | Orc:1    | Noticed Maud
 24361 | Orc:1    | Reached XP level 13. HP: 68/98 MP: 17/27
 25196 | Lair:1   | Noticed a four-headed hydra
 25538 | D:10     | Reached skill level 1 in Hexes
 27005 | D:11     | Cast into level 2 of the Abyss (orc warlord)
 27043 | Abyss:2  | Noticed a starcursed mass
 27073 | Abyss:2  | Noticed a starcursed mass
 27135 | Abyss:2  | Noticed a salamander stormcaller
 27137 | Abyss:2  | Demolished by a large abomination

Vault maps used:
D:1:      dpeg_arrival_ratfight
D:2:      gammafunk_pakellas_statue_experiment, uniq_terence, uniq_iyjb,
          uniq_crazy_yiuf_cottage, uniq_sigmund
D:3:      kennysheep_slugbush, trog_eyes_of_draining, serial_bayou_lagoon_a,
          uniq_natasha
D:4:      nicolae_ru_path_of_blood, amethyst_overflow_temple_binary,
          first_bread, kennysheep_generic_room_9, uniq_pikel, uniq_duvessa,
          uniq_robin
D:5:      enter_ossuary_3
D:6:      xom_confusion_cloud, minmay_temple_entry_statues_pillars
D:7:      kennysheep_mini_moat, okawaru_humans, uniq_joseph
D:8:      serial_shops, shop, hangedman_pestilent_swarm
D:9:      serial_shops, nicolae_shop_behind_doors
D:10:     lair_0_dummy, serial_glass, glass_columns_a, glass_columns_a,
          glass_columns_b, glass_columns_a
D:11:     david_orc_5, led_sif_book
D:12:     lemuel_mausoleum_altar_yredelemnul, uniq_nessos, uniq_fannar,
          uniq_azrael, uniq_maurice
Temple:   circular_temple_12
Lair:1:   enter_volcano_1, serial_bayou, serial_bayou_crossing,
          serial_bayou_pond_e, serial_bayou_pond_a, serial_bayou_shore_a,
          serial_bayou_pond_d, serial_bayou_ford_a, beast_lair_carwin_8
Orc:1:    lemuel_ogre_cave, serial_shops, shop, nicolae_shop_behind_doors, shop,
          shop, nicolae_shop_waterfront, basic_altar, uniq_maud
Abyss:2:  minivault_5, minivault_24, evilmike_abyss_exit_chaos
Ossuary:  ossuary_boxes_badplayer

Skill      XL: |  1  2  3  4  5  6  7  8  9 10 11 12 13 |
---------------+----------------------------------------+-----
Stealth        | 3 5 6 7 9 |  9.3
Earth Magic    | 4 5 6 8 9 |  9.0
Spellcasting   | 3 4 5 6 7 8 10 | 10.6
Fighting       | 1 3 5 6 8 |  8.0
Staves         | 1 2 4 6 |  6.4
Fire Magic     | 2 4 6 |  6.5
Conjurations   | 2 4 5 6 |  6.5
Axes           | 3 5 6 |  6.5
Hexes          | 1 |  1.9
Short Blades   | |  0.8
Maces & Flails | |  0.8
Dodging        | |  1.7
Transmutations | |  1.1

Action                   |  1- 3 |  4- 6 |  7- 9 | 10-12 | 13-15 || total
-------------------------+-------+-------+-------+-------+-------++-------
Melee: Unarmed           |    17 |       |       |       |       ||    17
       Short sword       |     1 |       |       |       |       ||     1
       Whip              |       |     5 |     4 |       |       ||     9
       Quarterstaff      |       |       |   325 |   136 |       ||   461
       Dagger            |       |       |    26 |       |       ||    26
       War axe           |       |       |       |   258 |    61 ||   319
 Cast: Sandblast         |    82 |    85 |   109 |   226 |    20 ||   522
       Lee's Rapid Decon |       |       |     7 |    76 |    16 ||    99
       Throw Flame       |       |       |     1 |    77 |    19 ||    97
       Conjure Flame     |       |       |     1 |     2 |       ||     3
       Petrify           |       |       |     1 |     6 |     6 ||    13
       Fireball          |       |       |       |    20 |     4 ||    24
       Sticky Flame      |       |       |       |    15 |     7 ||    22
       Gell's Gravitas   |       |       |       |     2 |       ||     2
       Cause Fear        |       |       |       |       |     1 ||     1
Invok: Curse Item        |       |       |     3 |     3 |       ||     6
 Abil: Dig               |       |     3 |     2 |     3 |     1 ||     9
  Use: Scroll            |     1 |     3 |     6 |     4 |     1 ||    15
       Potion            |       |     1 |     4 |     8 |     4 ||    17
 Stab: Sleeping          |     1 |     1 |    23 |     7 |       ||    32
       Distracted        |       |       |     4 |     2 |       ||     6
       Paralysed         |       |       |     5 |       |       ||     5
       Petrifying        |       |       |     1 |       |       ||     1
  Eat: Chunk             |     5 |     5 |    19 |    47 |     6 ||    82
       Bread ration      |       |       |     1 |       |     1 ||     2
       Meat ration       |       |       |       |     3 |       ||     3
Armor: Robe              |    26 |    14 |    92 |   193 |    33 ||   358
Dodge: Dodged            |    93 |    45 |   224 |   366 |    63 ||   791
